 Dungeon Crawl Stone Soup version 0.31.0-11-ge490571c62 (webtiles) character file.

Game seed: 10938448879958928886

6 mdonais the Conjurer (level 1, -1/14 HPs)
             Began as an Octopode Reaver on Feb 3, 2024.
             Slain by a quokka (3 damage)
             ... on level 1 of the Dungeon.
             The game lasted 00:00:41 (64 turns).

mdonais the Conjurer (Octopode Reaver)                Turns: 64, Time: 00:00:41

Health: -1/14      AC:  1    Str: 11    XL:     1   Next: 90%
Magic:  3/3        EV: 13    Int: 15    God:
Gold:   14         SH:  0    Dex: 10    Spells: 3/4 levels left

rFire   . . .        a - +0 short sword
rCold   . . .        (no shield)
rNeg    . . .        (helmet restricted)
rPois   .            b - amulet of magic regeneration
rElec   .            (no ring)
rCorr   .            (no ring)
SInv    .            (no ring)
Will    .....        (no ring)
Stlth   +++          (no ring)
HPRegen 0.22/turn    (no ring)
MPRegen 0.48/turn    (no ring)
                     (no ring)

%: no passive effects
@: no status effects
A: almost no armour, amphibious, 8 rings, camouflage 1, gelatinous body 1,
(nimble swimmer 1), tentacles
a: no special abilities


You were on level 1 of the Dungeon.
You visited 1 branch of the dungeon, and saw 1 of its levels.

You collected 14 gold pieces.

Inventory:

Hand Weapons
 a - a +0 short sword (weapon)
 c - a +0 dagger
   (You took it off a goblin on level 1 of the Dungeon)
Jewellery
 b - an amulet of magic regeneration (around mantle)
   (You found it on level 1 of the Dungeon)


   Skills:
 - Level 2.0 Fighting
 - Level 3.0 Short Blades
 - Level 2.0 Dodging
 + Level 2.2 Stealth
 - Level 2.0 Spellcasting
 - Level 3.0 Conjurations


You had 3 spell levels left.
You knew the following spells:

 Your Spells              Type           Power      Damage    Failure   Level
a - Kiss of Death         Conj/Necr      24%        2d7       12%         1

Your spell library contained the following spells:

 Spells                   Type           Power      Damage    Failure   Level
 Momentum Strike          Conj/Tloc      12%        3d8       19%         2
 Hailstorm                Conj/Ice       6%         3d5       34%         3


Dungeon Overview and Level Annotations

Branches:
Dungeon (1/15) Zot: 5937

Altars:


Innate Abilities, Weirdness & Mutations

You cannot wear most types of armour.
You are amphibious.
You can wear up to eight rings at the same time.
Your skin changes colour to match your surroundings (Stealth+).
Your rubbery body absorbs attacks. (AC +1, EV +1)
((You are camouflaged when in or above water. (Stealth+)))
You have tentacles for arms and can constrict up to eight enemies at once.


Message History

Welcome, mdonais the Octopode Reaver.
It's a long way down to the Orb of Zot, but that shouldn't be any trouble.
Press ? for a list of commands and other information.
Found two stairs.
You open the door.
There is an open door here.
An endoplasm comes into view.
The endoplasm quivers.
A goblin comes into view. It is wielding a +0 club.
Found a thin copper amulet.
Found a stone staircase leading down.
You see here 14 gold pieces.
Found a club.
The endoplasm misses you.
You hit the endoplasm.
The endoplasm is almost dead.
You hit the endoplasm.
You kill the endoplasm!
b - an amulet of magic regeneration You start putting on your amulet.
You continue putting on your amulet of magic regeneration. x5
You finish putting on your amulet of magic regeneration.
b - an amulet of magic regeneration (around mantle) No target in view!
A rat and a goblin come into view.
Found 14 gold pieces.
The goblin shouts! x2; The rat squeaks loudly.
The goblin hits you with a +0 club.
You take 1 damage, and have 13/14 hp.
You closely miss the goblin. You grab the goblin. You constrict the goblin.
The goblin closely misses you.
You hit the goblin.
You squeeze the goblin, but do no damage.
The goblin is heavily wounded.
You constrict the goblin. The goblin closely misses you.
You barely miss the goblin.
The goblin is severely wounded.
You constrict the goblin.
You kill the goblin!
The goblin barely misses you.
Your Stealth skill increases to level 1!
You closely miss the goblin. You grab the goblin. You constrict the goblin.
The goblin closely misses you. The rat misses you.
You hit the goblin.
You kill the goblin!
Health restored: 14 You hit the rat but do no damage.
You grab the rat. You squeeze the rat.
You kill the rat!
No target in view!
Things that are here:
a +0 dagger; a goblin corpse
c - a +0 dagger You now have 14 gold pieces.
A kobold comes into view. It is wielding a +0 dagger.
No target in view!
An endoplasm comes into view.
The endoplasm quivers.
A quokka comes into view.
The quokka bites you.
You take 2 damage, and have 12/14 hp.
You barely miss the endoplasm. The endoplasm freezes you.
You are frozen.
The quokka bites you but does no damage.
You take 5 damage, and have 7/14 hp.
MASSIVE DAMAGE!!
You are too injured to fight recklessly!
You hit the endoplasm.
The endoplasm is heavily wounded.
The endoplasm freezes you.
You are frozen.
The quokka closely misses you.
You completely miss the endoplasm. Your squeeze misses the endoplasm.
The endoplasm is heavily wounded.
The endoplasm misses you. The quokka bites you.
* * * LOW HITPOINT WARNING * * *
You take 4 damage, and have 3/14 hp.
MASSIVE DAMAGE!!
You hit the endoplasm.
You kill the endoplasm!
The quokka bites you.
* * * LOW HITPOINT WARNING * * *
Your Stealth skill increases to level 2!
You take 1 damage, and have 2/14 hp.
The kobold shouts!
You hit the quokka. Your grab misses the quokka.
The quokka is severely wounded.
The quokka barely misses you.
You hit the quokka but do no damage. Your grab misses the quokka.
The quokka is severely wounded.
The quokka bites you.
You die...

...............#####..)#
.......#.#............##
............##..#..##.#
..............†.....#
#..............).#.#
.##............##..#
#.#..........#.#..#
.#.##......##.#. .# ..
#.#$@r.#.##... # ..
#.#.####.#.#.... . ..#.#
#.#. ..# ....# #..
....K. .. ..... ....


You could see a quokka and a kobold.

Vanquished Creatures
  2 endoplasms (D:1)
  2 goblins (D:1)
  A rat (D:1)
5 creatures vanquished.

Notes
Turn   | Place    | Note
-------+----------+-------------------------------------------
     0 | D:1      | mdonais the Octopode Reaver began the quest for the Orb.
     0 | D:1      | Reached XP level 1. HP: 14/14 MP: 3/3
    31 | D:1      | Reached skill level 1 in Stealth
    64 | D:1      | Slain by a quokka

Illustrated notes

Levels and vault maps discovered:
D:1:      scummos_arrival_simple_fountains, layout_loops_ring,
          minmay_misc_feat_columns, serial_bayou_lagoon_a,
          minmay_misc_feat_secret_circle

Skill      XL: |  1 |
---------------+----+-----
Stealth        | 2 |  2.2
Fighting       | |  2.0
Short Blades   | |  3.0
Dodging        | |  2.0
Spellcasting   | |  2.0
Conjurations   | |  3.0

Action                     || total
---------------------------++-------
  Melee: Short sword       ||    14
         Constrict         ||     3
         Tentacles         ||     2
 Armour: Skin              ||     6
  Dodge: Dodged            ||     9
